 Dungeon Sprint DCSS version 0.17-a0-1210-g1e4f09d (webtiles) character file.

10353 Kidiri the Unseen (level 11, 0/64 HPs)
             Began as a Spriggan Assassin on June 4, 2015.
             Was the Champion of Dithmenos.
             Slain by a lorocyproca (22 damage)
             ... in the Dungeon (Sprint I: "Red Sonja").
             The game lasted 00:32:55 (2779 turns).

Kidiri the Unseen (Spriggan Assassin)               Turns: 2779, Time: 00:32:55

Health: 0/64       AC:  5    Str:  9    XL:     11   Next: 35%
Magic:  0/15       EV: 37    Int: 13    God:    Dithmenos [******]
Gold:   789        SH:  0    Dex: 24    Spells: 0 memorised, 10 levels left

rFire  . . .     SeeInvis +     r - +0 rapier
rCold  . . .     Clarity  +     y - +0 robe of the Illusory Wars {Regen+ rCorr Str+2 Dex+3} (curse)
rNeg   . . .     SustAt   .     (shield restricted)
rPois  +         Gourm    .     s - +2 hat
rElec  .         Spirit   .     u - +0 cloak {rPois}
rCorr  +         Warding  .     (gloves unavailable)
rMut   .         NoTele   +     (boots unavailable)
MR     +....                    p - amulet of clarity
Stlth  ++++++++++               (no ring)
                                (no ring)

@: wreathed by umbra, very quick, somewhat resistant to hostile enchantments,
uncannily stealthy
A: unfitting armour, see invisible, herbivore 3, speed 3, slow metabolism 2
a: Shadow Step, Shadow Form, Renounce Religion


You were in the Dungeon.
You worshipped Dithmenos.
Dithmenos was exalted by your worship.
You were full.

You visited 1 branch You collected 1694 gold pieces.
You spent 905 gold pieces at shops.

Inventory:

Hand weapons
 a - a +2 dagger
 b - a +0 blowgun
 r - a +0 rapier (weapon)
Missiles
 m - 2 needles of slowing
Armour
 c - a +0 robe
 s - a +2 hat (worn)
 t - a +1 cloak
 u - a +0 cloak of poison resistance (worn)
 y - the cursed +0 robe of the Illusory Wars (worn) {Regen+ rCorr Str+2 Dex+3}
   (You bought it in a shop in the Dungeon)

   It affects your strength (+2).
   It affects your dexterity (+3).
   It increases your rate of regeneration.
   It protects you from acid and corrosion.
   It has a curse placed upon it.
Jewellery
 p - an amulet of clarity (around neck)
Scrolls
 l - a scroll of remove curse {unknown}
 q - a scroll of enchant weapon {unknown}
 w - a scroll of fog
Potions
 g - a potion of cure mutation
 h - a potion of curing
 i - a potion of lignification
 k - 2 potions of magic
 n - a potion of flight {unknown}
Comestibles
 o - 2 slices of pizza
 x - 3 fruits


   Skills:
 * Level 10.8 Fighting
 * Level 13.4 Short Blades
 * Level 13.5 Throwing
 * Level 16.8 Dodging
 * Level 18.6 Stealth
 + Level 5.3 Invocations


You had 10 spell levels left.
You didn't know any spells.

Dungeon Overview and Level Annotations

Branches:
Dungeon (1/1)

Altars:
Cheibriados
Dithmenos
Elyvilon
Fedhas
Gozag
Kikubaaqudgha
Makhleb
Nemelex Xobeh
Okawaru
Qazlal
Ru
Sif Muna
Trog
Vehumet
Xom
Yredelemnul
Zin
The Shining One
Jiyva

Shops:
D (!:(*}(![::[:[[[:

Annotations:
D Norris


Innate Abilities, Weirdness & Mutations

You are tiny and cannot use many weapons and most armour.
You have supernaturally acute eyesight.
You are a herbivore.
You cover ground extremely quickly.
You need consume almost no food.


Message History

The lorocyproca misses you.
You hit the lorocyproca but do no damage.
The lorocyproca is heavily wounded.
Your shadow hits the lorocyproca but does no damage.
You closely miss the lorocyproca.
The lorocyproca is heavily wounded.
The lorocyproca closely misses you.
You hit the lorocyproca but do no damage.
The lorocyproca is heavily wounded.
Your shadow hits the lorocyproca but does no damage.
You hit the lorocyproca but do no damage.
The lorocyproca is heavily wounded.
The lorocyproca hits you!!
Ouch! That really hurt!
* * * LOW HITPOINT WARNING * * *
You emit a cloud of dark smoke.
You feel your power leaking away.
Drink which item? (? for menu, Esc to quit)
You feel better. The lorocyproca hits you!!
You die...

################################
'..#__#.s+)..#[.#§§§§'§§§§†§'..#
#..'..s..#)..##§#§####§§§§§##..+
##'#__####...'§§#§# ##§§.######
.#.####§.#####§2@§#+#$###+#
##.#≈≈§..#§.##§####..$#@#
#§§§≈§§§§§.§#.^.^.#..$###
.._#§§§§§#.§#...§§((((($#
.#'##§#####'###.)^#^....#
'#.#...(###.'.#§§§###++##
.####'###[###.#§.##
..'.....'.∩##.#.§#
).###########§##§#


You could see a lorocyproca (invisible).

Vanquished Creatures
  A hydra (D)
  2 centaur warriors (D)
  Sonja (D)
  2 unseen horrors (D)
  A deep troll (D)
  A lindwurm (D)
  An oklob plant (D)
  A gargoyle (D)
  2 demonic crawlers (D)
  2 kobold demonologists (D)
  A slime creature (D)
  Sigmund (D)
  A yak (D)
  4 trapdoor spiders (D)
  13 hogs (D)
  A wasp (D)
  7 necrophages (D)
  An ogre (D)
  Ijyb (D)
  8 jellies (D)
  3 giant eyeballs (D)
  A giant spore (D)
  4 ballistomycetes (D)
60 creatures vanquished.

Vanquished Creatures (others)
  A gargoyle (D)
  2 wasps (D)
  A giant spore (D)
4 creatures vanquished.

Grand Total: 64 creatures vanquished

Notes
Turn   | Place    | Note
--------------------------------------------------------------
     0 | D        | Kidiri the Spriggan Assassin began the quest for the Orb.
     0 | D        | Reached XP level 1. HP: 10/10 MP: 2/2
     2 | D        | Noticed Ijyb
    11 | D        | Killed Ijyb
    11 | D        | Reached skill level 7 in Stealth
    11 | D        | Reached XP level 2. HP: 14/16 MP: 3/3
    52 | D        | Noticed an ogre
    55 | D        | Killed an ogre
    55 | D        | Reached skill level 5 in Dodging
    55 | D        | Reached skill level 8 in Stealth
    55 | D        | Reached XP level 3. HP: 19/21 MP: 4/4
    55 | D        | Reached XP level 4. HP: 22/25 MP: 5/5
    97 | D        | Noticed Sigmund
   100 | D        | Killed Sigmund
   100 | D        | Reached skill level 5 in Short Blades
   100 | D        | Reached skill level 10 in Stealth
   100 | D        | Reached XP level 5. HP: 28/30 MP: 6/6
   100 | D        | Reached XP level 6. HP: 32/35 MP: 7/7
   139 | D        | Found a deep blue altar of Sif Muna.
   140 | D        | Noticed a jelly
   141 | D        | Found a radiant altar of Vehumet.
   145 | D        | Killed a jelly
   145 | D        | Reached skill level 5 in Fighting
   164 | D        | Found a snail-covered altar of Cheibriados.
   164 | D        | Found a viscous altar of Jiyva.
   164 | D        | Found a shadowy altar of Dithmenos.
   164 | D        | Found a blossoming altar of Fedhas.
   164 | D        | Noticed a slime creature
   167 | D        | Killed a slime creature
   167 | D        | Reached skill level 11 in Stealth
   169 | D        | Became a worshipper of Dithmenos the Shadowed
   211 | D        | Found Veyzaorch's Distillery.
   211 | D        | Found a white marble altar of Elyvilon.
   211 | D        | Found a stormy altar of Qazlal.
   211 | D        | Found a burning altar of Makhleb.
   211 | D        | Found a sacrificial altar of Ru.
   211 | D        | Found a basalt altar of Yredelemnul.
   211 | D        | Found a glowing golden altar of the Shining One.
   211 | D        | Found a sparkling altar of Nemelex Xobeh.
   211 | D        | Found a shimmering altar of Xom.
   211 | D        | Found an opulent altar of Gozag.
   211 | D        | Found an ancient bone altar of Kikubaaqudgha.
   211 | D        | Found a glowing silver altar of Zin.
   211 | D        | Noticed a yak
   212 | D        | Found an iron altar of Okawaru.
   213 | D        | Killed a yak
   213 | D        | Reached skill level 10 in Dodging
   213 | D        | Reached skill level 12 in Stealth
   213 | D        | Reached XP level 7. HP: 40/40 MP: 8/8
   214 | D        | Found a bloodstained altar of Trog.
   218 | D        | Bought a potion of heal wounds for 65 gold pieces
   225 | D        | Noticed Sonja
   229 | D        | Killed Sonja
   229 | D        | Reached skill level 13 in Stealth
   229 | D        | Reached XP level 8. HP: 43/46 MP: 9/9
   245 | D        | Found Uveuq's Weapon Boutique.
   265 | D        | Noticed a deep troll
   324 | D        | Killed a deep troll
   324 | D        | Reached skill level 14 in Stealth
   349 | D        | Found Munyf's Armour Emporium.
   362 | D        | Bought a +2 hat for 224 gold pieces
   362 | D        | Bought a +1 cloak for 161 gold pieces
   362 | D        | Bought a +0 cloak of poison resistance for 119 gold pieces
   563 | D        | Noticed a centaur warrior
   563 | D        | Noticed a centaur warrior
   565 | D        | Killed a centaur warrior
   565 | D        | Reached skill level 10 in Short Blades
   565 | D        | Reached skill level 10 in Throwing
   565 | D        | Reached XP level 9. HP: 49/51 MP: 10/10
   567 | D        | Killed a centaur warrior
   567 | D        | Reached skill level 15 in Stealth
   576 | D        | Noticed a wasp
   579 | D        | Killed a wasp
   579 | D        | Acquired Dithmenos's first power
   730 | D        | Noticed an oklob plant
   732 | D        | Killed an oklob plant
   732 | D        | Reached skill level 1 in Invocations
   740 | D        | Noticed a trapdoor spider
   757 | D        | Noticed a trapdoor spider
   764 | D        | Killed a trapdoor spider
   886 | D        | Noticed a trapdoor spider
   934 | D        | HP: 1/53 [trapdoor spider (12)]
   964 | D        | Killed a wasp
   991 | D        | Killed a wasp
  1354 | D        | Killed a trapdoor spider
  1354 | D        | Reached skill level 16 in Stealth
  1371 | D        | Killed a trapdoor spider
  1371 | D        | Reached XP level 10. HP: 24/58 MP: 12/12
  1496 | D        | Killed a gargoyle
  1580 | D        | Noticed a trapdoor spider
  1596 | D        | Killed a trapdoor spider
  1613 | D        | Noticed an unseen horror
  1614 | D        | Noticed an unseen horror
  1620 | D        | Killed an unseen horror
  1620 | D        | Acquired Dithmenos's second power
  1622 | D        | Killed an unseen horror
  1622 | D        | Reached skill level 15 in Dodging
  1628 | D        | Noticed a jelly
  1628 | D        | Noticed a jelly
  1628 | D        | Noticed a jelly
  1628 | D        | Noticed a jelly
  1628 | D        | Noticed a jelly
  1628 | D        | Noticed a jelly
  1628 | D        | Noticed a jelly
  1630 | D        | Killed a jelly
  1631 | D        | Killed a jelly
  1632 | D        | Killed a jelly
  1633 | D        | Noticed a necrophage
  1633 | D        | Noticed a necrophage
  1634 | D        | Killed a jelly
  1634 | D        | Acquired Dithmenos's third power
  1664 | D        | Killed a jelly
  1678 | D        | Killed a jelly
  1765 | D        | Noticed a necrophage
  1766 | D        | Killed a jelly
  1799 | D        | Killed a necrophage
  1808 | D        | Killed a necrophage
  1870 | D        | Noticed a necrophage
  1870 | D        | Noticed a necrophage
  1870 | D        | Noticed a necrophage
  1870 | D        | Noticed a necrophage
  1891 | D        | Killed a necrophage
  1891 | D        | Acquired Dithmenos's fourth power
  1903 | D        | Killed a necrophage
  1904 | D        | Killed a necrophage
  1904 | D        | Reached skill level 17 in Stealth
  1905 | D        | Killed a necrophage
  1906 | D        | Killed a necrophage
  1924 | D        | Found Poni's Weapon Shoppe.
  1924 | D        | Found Maledasch's Book Shop.
  1924 | D        | Found Systroph's General Store.
  1926 | D        | Found Qeose's Gadget Emporium.
  1926 | D        | Found Jor Maby's Antique Weapon Shop.
  1926 | D        | Found Egrafuma's Distillery.
  1926 | D        | Found Jampioss's Antique Armour Boutique.
  1926 | D        | Found Fafihad's Book Emporium.
  1926 | D        | Found Baebeude's Book Shop.
  1926 | D        | Found Amaogasch's Antique Armour Shoppe.
  1929 | D        | Bought 5 needles of slowing for 22 gold pieces
  1930 | D        | Bought a scroll of identify for 26 gold pieces
  1930 | D        | Bought a potion of might for 52 gold pieces
  1930 | D        | Bought a scroll of fog for 26 gold pieces
  1930 | D        | Bought 3 fruits for 58 gold pieces
  1930 | D        | Bought a scroll of identify for 26 gold pieces
  1930 | D        | Found Ymaupsan's Book Boutique.
  1931 | D        | Found Suulio's Antique Armour Emporium.
  1931 | D        | Found Noluw's Antique Armour Boutique.
  1932 | D        | Found Otar's Book Emporium.
  1933 | D        | Bought a potion of curing for 30 gold pieces
  1934 | D        | Bought a faintly glowing robe for 96 gold pieces
  1944 | D        | Identified the cursed +0 robe of the Illusory Wars {Regen+ rCorr Str+2 Dex+3} (You bought it in a shop in the Dungeon)
  2013 | D        | Noticed a kobold demonologist
  2014 | D        | Noticed a kobold demonologist
  2042 | D        | Killed a kobold demonologist
  2089 | D        | Killed a kobold demonologist
  2200 | D        | Noticed a demonic crawler
  2200 | D        | Noticed a demonic crawler
  2200 | D        | Noticed a demonic crawler
  2200 | D        | Noticed a demonic crawler
  2202 | D        | Killed a demonic crawler
  2202 | D        | Reached skill level 10 in Fighting
  2280 | D        | Killed a demonic crawler
  2428 | D        | Noticed a lindwurm
  2430 | D        | Killed a lindwurm
  2440 | D        | Noticed a hog
  2440 | D        | Noticed a hog
  2440 | D        | Noticed a hog
  2440 | D        | Noticed a hog
  2440 | D        | Noticed a hog
  2441 | D        | Noticed a hog
  2441 | D        | Noticed a hog
  2442 | D        | Noticed a hog
  2442 | D        | Noticed a hog
  2442 | D        | Killed a hog
  2443 | D        | Killed a hog
  2443 | D        | Reached XP level 11. HP: 63/63 MP: 15/15
  2444 | D        | Noticed a hog
  2445 | D        | Noticed a hog
  2445 | D        | Noticed a hog
  2445 | D        | Killed a hog
  2446 | D        | Killed a hog
  2464 | D        | Killed a hog
  2488 | D        | Killed a hog
  2490 | D        | Killed a hog
  2490 | D        | Reached skill level 18 in Stealth
  2491 | D        | Noticed a hog
  2492 | D        | Killed a hog
  2493 | D        | Killed a hog
  2494 | D        | Killed a hog
  2496 | D        | Killed a hog
  2498 | D        | Killed a hog
  2499 | D        | Killed a hog
  2499 | D        | Reached skill level 5 in Invocations
  2502 | D        | Noticed a 12-headed hydra
  2504 | D        | Killed a 12-headed hydra
  2533 | D        | Noticed a gargoyle
  2535 | D        | Killed a gargoyle
  2583 | D        | Noticed Norris
  2583 | D        | Noticed a lorocyproca
  2779 | D        | Slain by a lorocyproca

Vault maps used:
D:        dungeon_sprint_1

Action                   |  1- 3 |  4- 6 |  7- 9 | 10-12 || total
-------------------------+-------+-------+-------+-------++-------
Melee: Dagger            |     3 |     4 |    32 |    55 ||    94
       Rapier            |       |       |   115 |   226 ||   341
 Fire: Blowgun           |       |       |     5 |    33 ||    38
       Shortbow          |       |       |     1 |       ||     1
Invok: Shadow Step       |       |       |       |     2 ||     2
  Use: Potion            |       |       |     5 |     4 ||     9
       Scroll            |       |       |     1 |     3 ||     4
 Stab: Sleeping          |     2 |     4 |     5 |    29 ||    40
  Eat: Bread ration      |       |       |       |     1 ||     1
